 Dungeon Crawl Stone Soup version 0.31-a0-358-gac0dbeb3ab (webtiles) character file.

Game seed: 16138704595929291620

53 CraigForest the Slasher (level 3, -2/33 HPs)
             Began as a Draconian Monk on July 25, 2023.
             Slain by Sigmund
             ... wielding a +0 scythe
              (6 damage)
             ... on level 2 of the Dungeon.
             The game lasted 00:05:42 (664 turns).

CraigForest the Slasher (Draconian Monk)             Turns: 664, Time: 00:05:43

Health: -2/33      AC:  5    Str: 13    XL:     3   Next: 62%
Magic:  3/3        EV: 13    Int: 10    God:
Gold:   64         SH:  0    Dex: 15    Spells: 2/2 levels left

rFire   . . .        a - +0 falchion
rCold   + . .        c - orb {light}
rNeg    . . .        (body armour unavailable)
rPois   .            (helmet restricted)
rElec   .            (no cloak)
rCorr   .            (no gloves)
SInv    .            (no boots)
Will    .....        (no amulet)
Stlth   +            d - ring of willpower
HPRegen 0.25/turn    i - ring of protection from cold
MPRegen 0.08/turn

%: no passive effects
@: weak-willed, glowing
A: AC +5, unfitting armour, cold-blooded
a: no special abilities


You were on level 2 of the Dungeon.
You visited 1 branch of the dungeon, and saw 2 of its levels.

You collected 64 gold pieces.

Inventory:

Hand Weapons
 a - a +0 falchion (weapon)
 h - a +0 dagger of venom
 j - a +0 war axe
Armour
 c - an orb of light (worn)
Jewellery
 d - a ring of willpower (left hand)
 i - a ring of protection from cold (right hand)
Scrolls
 e - a scroll of revelation {unknown}
 f - a scroll of vulnerability
Potions
 b - a potion of ambrosia
 g - a potion of might {unknown}
 k - a potion of magic {unknown}
 m - 2 potions of brilliance {unknown}


   Skills:
 + Level 3.8 Fighting
 + Level 3.9 Long Blades
 + Level 3.1 Dodging


You had 2 spell levels left.
You didn't know any spells.
Your spell library was empty.

Dungeon Overview and Level Annotations

Branches:
Dungeon (1/15)

Altars:

Shops:
D:1 [

Annotations:
D:2 Sigmund


Innate Abilities, Weirdness & Mutations

Your plain brown scales are hard. (AC +5)
You cannot fit into any form of body armour.
You are cold-blooded and may be slowed by cold attacks.


Message History

Robin is almost dead.
You feel sick. The goblin hits you but does no damage.
Release spores at: -) Spores (confuse)
Press: ? - help, Dir - move target, f/p - Robin
Aim: Robin, wielding a +1 short sword of venom, wearing a +0 animal skin, wearing a +0 helmet and carrying a wand of polymorph (almost dead, chance to confuse on hit: 73%, about 35% to evade your hyphae)
You release spores at Robin but do no damage.
Robin is almost dead.
You stop sporulating.
Your +0 falchion unmelds from your body.
Your orb of light unmelds from your body.
You feel sick.
You are no longer poisoned.
The goblin barely misses you.
You hit Robin.
You kill Robin!
The bat barely misses you. The goblin hits you with a +0 club.
You barely miss the goblin. The goblin hits you with a +0 club.
The goblin completely misses you.
You barely miss the goblin. The goblin hits you but does no damage.
The goblin hits you with a +0 club.
Sigmund the Dreaded comes into view.
He is wielding a +0 scythe.
You hit the goblin.
You kill the goblin!
The bat barely misses you. Sigmund closely misses you.
The goblin hits you with a +0 club.
* * * LOW HITPOINT WARNING * * *
As you read the scroll labelled KYBBUH GEBRER, it crumbles to dust.
Magic quickly surges around you.
It was a scroll of vulnerability.
The bat hits you but does no damage. The goblin hits you with a +0 club.
* * * LOW HITPOINT WARNING * * *
Sigmund gestures at you while chanting. The puff of flame hits you.
* * * LOW HITPOINT WARNING * * *
Unknown command.
As you read the scroll labelled YMMOIHEOSE, it crumbles to dust.
It is a scroll of enchant armour.
You aren't carrying any armour which can be enchanted further.
The goblin misses you.
Sigmund hits you from afar with a +0 scythe.
You die...

.#.....$ .......
#..# ####.....# #..#
.........# #..#
g.g......# #..#
g.g..g...# #..#
..g....)@# #..#
g##.#.##b###..######
.. #@g..[.......# ##
#####..#####.#
.....#...#.#
###..##.#.#.#
#....#.....#
#..#.###.### #.. .#
#.# ... .# #.# #.#


You could see Sigmund (weak-willed), a goblin (strong, weak-willed) and a bat
(weak-willed).

Vanquished Creatures
  Robin (D:2)
  A dart slug (D:1)
  4 ball pythons (D:1)
  4 endoplasms (D:1)
  9 goblins
  4 hobgoblins
  A quokka (D:1)
  A bat (D:1)
  2 frilled lizards (D:1)
  5 kobolds (D:1)
  4 rats (D:1)
36 creatures vanquished.

Notes
Turn   | Place    | Note
-------+----------+-------------------------------------------
     0 | D:1      | CraigForest the Draconian Monk began the quest for the Orb.
     0 | D:1      | Reached XP level 1. HP: 19/19 MP: 1/1
    75 | D:1      | Reached XP level 2. HP: 26/26 MP: 2/2
   151 | D:1      | Found Esadgher's Antique Armour Boutique.
   595 | D:1      | You fall into a shaft and drop 1 floor!
   613 | D:2      | Reached XP level 3. HP: 33/33 MP: 3/3
   617 | D:2      | Noticed Robin
   659 | D:2      | Killed Robin
   661 | D:2      | Noticed Sigmund
   664 | D:2      | Slain by Sigmund

Illustrated notes

Levels and vault maps discovered:
D:1:      psy_arrival_basics, layout_basic, serial_shops, nicolae_shop_crystal,
          nicolae_titane
D:2:      layout_basic, minmay_misc_feat_hallway, hangedman_glass_teeth,
          uniq_robin, uniq_crazy_yiuf_cottage, uniq_sigmund

Skill      XL: |  1  2 |
---------------+-------+-----
Dodging        | 3 |  3.1
Fighting       | |  3.8
Long Blades    | |  3.9

Action                     || total
---------------------------++-------
  Melee: Falchion          ||    66
         Tailslap          ||     5
         Unarmed           ||    23
    Use: Scroll            ||     2
 Armour: Skin              ||    23
  Dodge: Dodged            ||    67

Table legend: (Time is in decaauts)
 A = Elapsed time spent in this place.
 B = Non-inter-level travel time spent in this place.
 C = Inter-level travel time spent in this place.
 D = Time resting spent in this place.
 E = Time spent auto-exploring this place.
 F = Levels seen in this place.
 G = Mean time per level.
                   A        B        C        D        E       F      G
               +--------+--------+--------+--------+--------+-----+--------+
         Total |    672 |    545 |    127 |      0 |    311 |   2 |  336.0 |
       Dungeon |    672 |    545 |    127 |      0 |    311 |   2 |  336.0 |
               +--------+--------+--------+--------+--------+-----+--------+

Top non-repeatable levels by time:
     D:1: 603 daAuts
     D:2: 69 daAuts
